 Dungeon Crawl Stone Soup version 0.25-a0-516-g7d600cd9ad (webtiles) character file.

Game seed: 13412475832004832092, levelgen mode: deterministic

32 Notrik the Charmwright (level 3, -1/28 HPs)
             Began as a Merfolk Skald on Feb 17, 2020.
             Slain by a gnoll
             ... wielding a +0 club
              (6 damage)
             ... on level 2 of the Dungeon.
             The game lasted 00:01:52 (1178 turns).

Notrik the Charmwright (Merfolk Skald)              Turns: 1178, Time: 00:01:53

Health: -1/28      AC:  4    Str: 12    XL:     3   Next: 25%
Magic:  6/6        EV: 13    Int: 12    God:
Gold:   45         SH:  0    Dex: 13    Spells: 3/6 levels left

rFire    . . .     SeeInvis .   a - +0 spear
rCold    . . .     Gourm    .   (no shield)
rNeg     . . .     Faith    .   b - +0 leather armour
rPois    .         Spirit   .   (no helmet)
rElec    .         Reflect  .   (no cloak)
rCorr    .         Harm     .   (no gloves)
MR       .....                  l - +0 pair of boots
Stlth    +.........             (no amulet)
HPRegen  0.09/turn              (no ring)
MPRegen  0.10/turn              (no ring)

@: no status effects
A: change form in water, swift swim, stealthy swim
a: no special abilities


You were on level 2 of the Dungeon.
You were not hungry.

You visited 1 branch of the dungeon, and saw 2 of its levels.

You collected 45 gold pieces.

Inventory:

Hand Weapons
 a - a +0 spear (weapon)
Armour
 b - a +0 leather armour (worn)
 l - a +0 pair of boots (worn)
   (You found it on level 1 of the Dungeon)
Jewellery
 o - an uncursed ring of fire {unknown}
   (You found it on level 2 of the Dungeon)
Wands
 n - a wand of polymorph (9)
   (You found it on level 2 of the Dungeon)
Scrolls
 d - 3 scrolls of teleportation {unknown}
 g - a scroll of fog {unknown}
 i - 3 scrolls of remove curse {unknown}
 j - a scroll of identify {unknown}
Potions
 c - a potion of brilliance {unknown}
 f - a potion of flight {unknown}
 k - a potion of might {unknown}
 m - a potion of haste {unknown}
Comestibles
 e - 5 rations {!d}
 h - 3 chunks of flesh


   Skills:
 + Level 2.5 Fighting
 + Level 3.4 Polearms
 + Level 1.0 Armour
 + Level 3.1 Dodging
 + Level 2.2 Spellcasting
 + Level 3.5 Charms


You had 3 spell levels left.
You knew the following spells:

 Your Spells              Type           Power        Failure   Level  Hunger
a - Infusion              Chrm           #...         8%          1    ##.....
w - Song of Slaying       Chrm           #.......     12%         2    ###....

Your spell library contained the following spells:

 Spells                   Type           Power        Failure   Level  Hunger
 Shroud of Golubria       Chrm/Tloc      #.....       24%         2    ###....
 Ozocubu's Armour         Chrm/Ice       #.......     43%         3    ####...
 Spectral Weapon          Hex/Chrm       #.......     43%         3    ####...


Dungeon Overview and Level Annotations

Branches:
Dungeon (2/15)

Altars:


Message History

You barely miss the frilled lizard. The frilled lizard barely misses you.
You hit the frilled lizard.
You kill the frilled lizard!
No target in view!
No target in view!
No target in view!
No target in view!
No target in view!
No target in view!
No target in view!
No target in view!
No target in view!
No target in view!
No target in view!
No target in view!
No target in view!
No target in view!
No target in view!
You butcher the frilled lizard corpse.
h - 3 chunks of flesh (gained 1)
You see here a frilled lizard skeleton. x2 4 gnolls come into view.
The gnoll shouts!
The gnoll shouts!
Okay, then.
Firing (i - inventory) No suitable missiles.
Aim: a gnoll, wielding a +0 club
Okay, then.
Okay, then.
Okay, then.
You hit the gnoll but do no damage. The gnoll misses you.
The gnoll hits you from afar with a +0 spear!
You hit the gnoll. The gnoll hits you with a +0 club.
The gnoll closely misses you.
You hit the gnoll but do no damage. The gnoll hits you with a +0 club.
* * * LOW HITPOINT WARNING * * *
The gnoll closely misses you.
You barely miss the gnoll.
The gnoll hits you from afar with a +0 spear.
* * * LOW HITPOINT WARNING * * *
The gnoll barely misses you.
You hit the gnoll but do no damage. The gnoll barely misses you. x2
You hit the gnoll but do no damage. The gnoll closely misses you. x2
You hit the gnoll. The gnoll misses you.
You hit the gnoll. The gnoll closely misses you. The gnoll misses you.
You hit the gnoll but do no damage. The gnoll hits you with a +0 club.
* * * LOW HITPOINT WARNING * * *
The gnoll misses you.
You barely miss the gnoll. The gnoll hits you with a +0 club.
You die...

#######
......#
###......#
#.g.......
#g#......#
#@#...g..#
#.#...g..#
#.#......# #
#.#g...g.# #
#.#......# #
#.#......# #
#.# #######
#.# #.[....
#.#
########......


You could see 2 gnolls.

Vanquished Creatures
  A worm (D:2)
  A dart slug (D:1)
  A leopard gecko (D:1)
  3 giant cockroaches
  6 goblins (D:1)
  3 hobgoblins
  2 kobolds (D:2)
  2 bats (D:1)
  A frilled lizard (D:2)
  5 rats (D:1)
25 creatures vanquished.

Notes
Turn   | Place    | Note
-------+----------+-------------------------------------------
     0 | D:1      | Notrik the Merfolk Skald began the quest for the Orb.
     0 | D:1      | Reached XP level 1. HP: 16/16 MP: 3/3
    86 | D:1      | Reached XP level 2. HP: 21/22 MP: 5/5
   330 | D:1      | Reached skill level 1 in Armour
   825 | D:2      | Learned a level 2 spell: Song of Slaying
   839 | D:2      | Reached XP level 3. HP: 12/28 MP: 6/6
  1178 | D:2      | Slain by a gnoll

Levels and vault maps discovered:
D:1:      dpeg_arrival_leaves_temple_mockup, layout_loops_ring,
          hangedman_decor_clover_reticule, minmay_octomino_e4
D:2:      layout_basic, minitemple

Skill      XL: |  1  2 |
---------------+-------+-----
Dodging        | 3 |  3.1
Armour         | 1 |  1.0
Fighting       | |  2.5
Polearms       | |  3.4
Spellcasting   | |  2.2
Charms         | |  3.5

Action                   || total
-------------------------++-------
Melee: Spear             ||    83
 Stab: Sleeping          ||     2
  Eat: Chunk             ||     1
Armor: Leather armour    ||    10
Dodge: Dodged            ||    30

Table legend:
 A = Non-vault XP
 B = Vault XP
 C = Vault XP percentage of total XP
 D = Non-vault monster count
 E = Vault monster count
 F = Vault count percentage of total count
                 A         B        C        D         E       F
            +---------+---------+-------+---------+---------+-------
      Total |      44 |       2 |   4.3 |      23 |       2 |   8.0
            +---------+---------+-------+---------+---------+-------
        D:1 |      29 |       2 |   6.5 |      16 |       2 |  11.1
        D:2 |      15 |       0 |   0.0 |       7 |       0 |   0.0
            +---------+---------+-------+---------+---------+-------
